 Dungeon Crawl Stone Soup version 0.30-a0-219-gf2db51d15e (webtiles) character file.

Game seed: 15319896223922380965

491 Zeld the Conjurer (level 6, -1/24 (48) HPs)
             Began as a Demonspawn Reaver on Oct 6, 2022.
             Slain by a gnoll
             ... wielding a +0 whip
             ... led by a gnoll bouda
              (7 damage)
             ... on level 5 of the Dungeon.
             The game lasted 00:03:56 (3585 turns).

Zeld the Conjurer (Demonspawn Reaver)               Turns: 3585, Time: 00:03:57

HP:   -1/24 (48)    AC:  5    Str: 13    XL:     6   Next: 91%
MP:   11/11         EV: 12    Int: 14    God:
Gold: 141           SH:  0    Dex: 13    Spells: 9/12 levels left

rFire   . . .      SeeInvis .    a - +0 short sword (venom)
rCold   . . .      Faith    .    (no shield)
rNeg    . . .      Spirit   .    b - +0 leather armour
rPois   .          Reflect  .    i - +0 helmet
rElec   .          Harm     .    (no cloak)
rCorr   .          Rampage  .    (no gloves)
Will    .....                    (no boots)
Stlth   +.........               (no amulet)
HPRegen 0.24/turn                (no ring)
MPRegen 0.12/turn                (no ring)

@: weakened, extremely drained
A: rugged brown scales 1, foul stench 1, weakness stinger 1
a: no special abilities


You were on level 5 of the Dungeon.
You visited 1 branch of the dungeon, and saw 5 of its levels.

You collected 167 gold pieces.
You spent 26 gold pieces at shops.

Inventory:

Hand Weapons
 a - a +0 short sword of venom (weapon)
Armour
 b - a +0 leather armour (worn)
 i - a +0 helmet (worn)
Wands
 o - a wand of mindburst (18)
 q - a wand of light (7)
Scrolls
 c - 4 scrolls of teleportation {unknown}
 e - 5 scrolls of identify
 f - 2 scrolls of fear {unknown}
 g - a scroll of enchant weapon {unknown}
 h - 2 scrolls of poison {unknown}
 l - a scroll of noise {unknown}
 p - 2 scrolls of amnesia {unknown}
Potions
 d - 2 potions of brilliance {unknown}
 j - a potion of invisibility {unknown}
 k - a potion of might {unknown}
 m - a potion of haste {unknown}
 n - 2 potions of curing {unknown}
 r - a potion of heal wounds {unknown}


   Skills:
 + Level 3.1 Fighting
 * Level 4.1 Short Blades
 + Level 2.7 Dodging
 * Level 3.9 Spellcasting
 * Level 4.7 Conjurations


You had 9 spell levels left.
You knew the following spells:

 Your Spells              Type           Power      Damage    Failure   Level
a - Kiss of Death         Conj/Necr      36%        2d8       10%         1
b - Momentum Strike       Conj/Tloc      18%        3d8       14%         2

Your spell library contained the following spells:

 Spells                   Type           Power      Damage    Failure   Level
 Hailstorm                Conj/Ice       9%         3d4       28%         3


Dungeon Overview and Level Annotations

Branches:
Dungeon (5/15)
 Temple: D:4-7

Altars:
Gozag
Hepliaklqana
Kikubaaqudgha
Makhleb
Qazlal
Yredelemnul

Shops:
D:1 ?


Innate Abilities, Weirdness & Mutations

You are partially covered in rugged brown scales. (AC +1, +3% HP)
You may rarely emit foul miasma when damaged in melee.
You have a small tail.


Message History

Your attacks no longer feel as feeble.
The gnoll bouda hits you but does no damage.
You barely miss the gnoll bouda.
You tail-slap the gnoll bouda, but do no damage.
The gnoll bouda is severely wounded.
The gnoll bouda mumbles some strange prayers to its god.
The gnoll bouda is healed somewhat.
You barely miss the gnoll bouda.
The gnoll bouda is heavily wounded.
The gnoll is no longer moving quickly.
You kill the gnoll!
The gnoll bouda barks out a call to the hunt!
The gnoll picks up the pace!
You hit the gnoll bouda.
The gnoll bouda looks as sick as possible!
The gnoll bouda is severely wounded.
You hit the gnoll bouda but do no damage.
The gnoll bouda is severely wounded.
The gnoll bouda gazes fiercely through you!
You feel your attacks grow feeble.
The gnoll bouda hits you with a +0 club!
* * * LOW HITPOINT WARNING * * *
You hit the gnoll bouda.
The gnoll bouda looks as sick as possible!
The gnoll bouda is almost dead.
You kill the gnoll bouda!
You are too injured to fight recklessly!
You hit the gnoll but do no damage.
The gnoll is poisoned.
Your punch misses the gnoll.
The gnoll is no longer moving quickly.
The gnoll barely misses you.
You are too injured to fight recklessly!
You hit the gnoll.
The gnoll looks as sick as possible!
The gnoll is lightly wounded.
You hit the gnoll but do no damage.
The gnoll looks as sick as possible!
The gnoll is moderately wounded.
The gnoll hits you but does no damage.
You hit the gnoll but do no damage.
The gnoll looks as sick as possible!
The gnoll is moderately wounded.
The gnoll is no longer moving quickly.
The gnoll hits you with a +0 whip!
You die...

####### ......#
#####.# # #.# #
#.############
#####.(..........#
...........#####@#
........##.# #g#
#######.##.# #g#
#.##.# #g# #.##.#
#.# #.##.# #..
#.##.# ### #.##.#
#.##..


You could see 3 gnolls.

Vanquished Creatures
  2 ice beasts (D:5)
  A scorpion (D:4)
  A gnoll bouda (D:5)
  9 gnolls
  6 adders
  An ufetubus (D:5)
  A dart slug (D:1)
  12 orcs
  2 ball pythons (D:1)
  6 endoplasms
  5 giant cockroaches
  7 hobgoblins
  2 quokkas (D:1)
  6 bats
  2 goblins
  7 kobolds
  2 rats
72 creatures vanquished.

Vanquished Creatures (others)
  6 plants
6 creatures vanquished.

Grand Total: 78 creatures vanquished

Notes
Turn   | Place    | Note
-------+----------+-------------------------------------------
     0 | D:1      | Zeld the Demonspawn Reaver began the quest for the Orb.
     0 | D:1      | Reached XP level 1. HP: 16/16 MP: 3/3
   124 | D:1      | Gained mutation: You may rarely emit foul miasma when
                  | damaged in melee. [demonic ancestry]
   124 | D:1      | Reached XP level 2. HP: 10/18 MP: 5/5
   214 | D:1      | Learned a level 2 spell: Momentum Strike
   561 | D:1      | Found Uhupest's Magic Scroll Emporium.
   576 | D:1      | Bought a scroll of identify for 26 gold pieces
  1086 | D:2      | Gained mutation: You have a small tail. [demonic ancestry]
  1086 | D:2      | Reached XP level 3. HP: 19/26 MP: 6/6
  1238 | D:2      | Found a faded altar of an unknown god.
  1702 | D:3      | Reached XP level 4. HP: 24/34 MP: 8/8
  2433 | D:3      | Found a burning altar of Makhleb.
  2554 | D:3      | Found a hazy altar of Hepliaklqana.
  2554 | D:3      | Found an opulent altar of Gozag.
  2554 | D:3      | Found an ancient bone altar of Kikubaaqudgha.
  2559 | D:3      | Found a basalt altar of Yredelemnul.
  2690 | D:4      | Gained mutation: You are partially covered in rugged brown
                  | scales. (AC +1, +3% HP) [demonic ancestry]
  2690 | D:4      | Reached XP level 5. HP: 24/40 MP: 9/9
  2773 | D:4      | Found a stormy altar of Qazlal.
  3059 | D:5      | Entered Level 5 of the Dungeon
  3122 | D:5      | Noticed an ice beast
  3134 | D:5      | Killed an ice beast
  3135 | D:5      | Reached XP level 6. HP: 12/26 MP: 6/11
  3295 | D:5      | Noticed an ice beast
  3305 | D:5      | Killed an ice beast
  3585 | D:5      | Slain by a gnoll

Illustrated notes

Levels and vault maps discovered:
D:1:      eino_arrival_water_cross, layout_loops_cross, serial_shops, shop,
          minmay_misc_feat_enclosed, minivault_19, serial_park_tiny_1,
          minmay_close_crescents
D:2:      layout_basic, basic_ecumenical_altar
D:3:      layout_basic, general_overflow_altar,
          grunt_temple_overflow_cloverleaf, lemuel_coloured_pillars_altar
D:4:      layout_basic, mainiacjoe_overflow_alcove_4, mainiacjoe_overflow_paths
D:5:      layout_loops_ring, kennysheep_mini, serial_shops,
          nicolae_shop_temple_entry_statues_fountains

Skill      XL: |  1  2  3  4  5  6 |
---------------+-------------------+-----
Short Blades   | 3 4 |  4.1
Dodging        | 2 |  2.7
Spellcasting   | 3 |  3.9
Conjurations   | 4 |  4.7
Fighting       | 3 |  3.1

Action                   |  1- 3 |  4- 6 || total
-------------------------+-------+-------++-------
Melee: Short sword       |   130 |   133 ||   263
       Punch             |     1 |     2 ||     3
       Tailslap          |     3 |    24 ||    27
 Cast: Kiss of Death     |     3 |     8 ||    11
  Use: Potion            |     1 |       ||     1
Armor: Leather armour    |    31 |    23 ||    54
       Skin              |     2 |       ||     2
Dodge: Dodged            |    82 |    75 ||   157

Table legend: (Time is in decaauts)
 A = Elapsed time spent in this place.
 B = Non-inter-level travel time spent in this place.
 C = Inter-level travel time spent in this place.
 D = Time resting spent in this place.
 E = Time spent auto-exploring this place.
 F = Levels seen in this place.
 G = Mean time per level.
                   A        B        C        D        E       F      G
               +--------+--------+--------+--------+--------+-----+--------+
         Total |   3540 |   3376 |    164 |    854 |   1963 |   5 |  708.0 |
       Dungeon |   3540 |   3376 |    164 |    854 |   1963 |   5 |  708.0 |
               +--------+--------+--------+--------+--------+-----+--------+

Top non-repeatable levels by time:
     D:3: 992 daAuts
     D:1: 965 daAuts
     D:2: 672 daAuts
     D:5: 516 daAuts
     D:4: 394 daAuts
